 Dungeon Crawl Stone Soup version 0.31-a0-174-g85c54bcb58 (webtiles) character file.

Game seed: 1921421035089458307

4354 qw the Skirmisher (level 10, -8/64 HPs)
             Began as a Gargoyle Hunter on June 15, 2023.
             Was a Priest of Okawaru.
             Mangled by a very large slime creature (32 damage)
             ... on level 12 of the Dungeon.
             The game lasted 00:02:45 (6451 turns).

qw the Skirmisher (Gargoyle Hunter)                 Turns: 6451, Time: 00:02:45

Health: -8/64      AC: 17    Str: 16    XL:     10   Next: 34%
Magic:  9/11       EV: 15    Int:  9    God:    Okawaru [***...]
Gold:   80         SH:  0    Dex: 17    Spells: 9/9 levels left

rFire   . . .        o - +1 orcbow (heavy)
rCold   . . .        (shield currently unavailable)
rNeg    + . .        k - +0 ring mail
rPois   inf          (no helmet)
rElec   +            (no cloak)
rCorr   .            m - +2 pair of gloves
SInv    .            (no boots)
Will    .....        (no amulet)
Stlth   +++          g - +4 ring of slaying {mikee}
HPRegen 0.30/turn    (no ring)
MPRegen 0.12/turn

%: no passive effects
@: about to teleport, heroic
A: sickness immunity, AC +7, negative energy resistance 1, electricity
resistance, torment resistance 1, petrification resistance, low MP 1, sense
surroundings 1, subdued magic 1
a: Renounce Religion, Heroism


You were on level 12 of the Dungeon.
You worshipped Okawaru.
Okawaru was most pleased with you.
You visited 2 branches of the dungeon, and saw 11 of its levels.

You collected 571 gold pieces.
You spent 491 gold pieces at shops.


Innate Abilities, Weirdness & Mutations

You are immune to sickness and miasma.
Your stone body is resilient. (AC +7)
You are immune to poison.
You resist negative energy. (rN+)
You are resistant to electric shocks. (rElec)
You are resistant to unholy torment.
You are immune to petrification.
Your magical capacity is low. (-10% MP)
You passively map a small area around you.
Your spells are a little easier to cast, but a little less powerful.


   Skills:
 - Level 8.1(13.1) Fighting
 + Level 12.1(17.1) Ranged Weapons
 - Level 3.0(8.0) Armour
 - Level 3.1(8.1) Dodging
 - Level 1.1(6.1) Stealth
 - Level 4.1 Invocations


You had 9 spell levels left.
You didn't know any spells.
Your spell library was empty.

Inventory:

Hand Weapons
 o - a +1 heavy orcbow (weapon)
Armour
 k - a +0 ring mail (worn)
 m - a +2 pair of gloves (worn)
Jewellery
 g - a +4 ring of slaying (left hand) {mikee}
 n - a ring of ice
 q - a ring of fire
Scrolls
 j - 5 scrolls of identify
 r - a scroll of torment {unknown}
 s - a scroll of poison {unknown}
Potions
 a - a potion of attraction
 b - a potion of haste
 c - 9 potions of curing
 d - 3 potions of resistance
 e - a potion of lignification
 f - a potion of magic
 h - 3 potions of might
 i - a potion of mutation

Dungeon Overview and Level Annotations

Branches:
Dungeon (9/15)             Temple (1/1) D:4
   Lair: D:8-11         Orc: D:9-12

Altars:
Ashenzari
Cheibriados
Dithmenos
Elyvilon
Fedhas
Gozag
Hepliaklqana
Kikubaaqudgha
Makhleb
Nemelex Xobeh
Okawaru
Qazlal
Ru
Sif Muna
Trog
Uskayaw
Vehumet
Wu Jian
Xom
Yredelemnul
Zin
The Shining One

Shops:
D:3 ?   D:9 !

Annotations:
D:7 2 transporters, qw's ghost, novice NaHu


Message History

The slime creature quivers.
Two slime creatures merge to form a large slime creature.
You shoot an arrow.
The arrow hits the large slime creature!
The large slime creature is moderately wounded.
A slime creature comes into view.
You shoot an arrow. The slime creature quivers.
The arrow hits the large slime creature!!
The large slime creature is heavily wounded.
A slime creature comes into view.
A large slime creature splits.
Two slime creatures merge to form a large slime creature.
You shoot an arrow. The arrow hits the slime creature!
The slime creature is severely wounded.
Two slime creatures merge to form a very large slime creature.
The slime creature hits you but does no damage.
6447 ||| INVOKING Heroism.
You gain the combat prowess of a mighty hero.
Two slime creatures merge to form an enormous slime creature.
The slime creature hits you but does no damage.
6448 ||| READING scroll of teleportation.
As you read the scroll of teleportation, it crumbles to dust.
You feel strangely unstable.
Two slime creatures merge to form a titanic slime creature.
The slime creature closely misses you.
You shoot an arrow. The arrow hits the slime creature!
The slime creature is almost dead.
The titanic slime creature misses you. The slime creature barely misses you.
You shoot an arrow. The arrow hits the slime creature.
The slime creature is almost dead.
A titanic slime creature splits.
The slime creature hits you.
The very large slime creature hits you!!!
Ouch! That really hurt!
6451 ||| DRINKING potion of heal wounds.
You feel much better. The slime creature barely misses you.
The very large slime creature hits you!!
Ouch! That really hurt!
You die...

, , , , , , ,
+.......# . ,#.......#
.. , * ..
,#.......###..# , *
... ,#............# ,
, *, ....
,#............# ,
..... #............# ,
#....#J...........# #
, #....J@............
# #....#J............
+ +....######....(...
# #.......>.#........
,,# ,
,#.........#........
,,# ,
,#.........'........ #
, .........####+#...
,# ,
..............##+#####
.....[................


You could see a very large slime creature, a large slime creature and a slime
creature.

Vanquished Creatures
  Pikel (D:6)
  Prince Ribbit (D:5)
  4 yaks (D:8)
  A steam dragon (D:9)
  Menkaure (D:5)
  2 water moccasins
  A black bear (D:7)
  2 orc warriors
  2 ice beasts
  An ogre (D:5)
  A lemure (D:6)
  2 centaurs
  A kobold brigand (D:9)
  Blork the orc (D:4)
  3 bullfrogs
  3 scorpions
  9 wights
  An electric eel (D:7)
  2 howler monkeys (D:6)
  2 jellies
  6 orc priests
  A gnoll bouda (D:5)
  4 iguanas
  A sleepcap (D:6)
  9 orc wizards
  10 gnolls
  7 adders
  A shadow imp (D:5)
  A white imp (D:6)
  2 worms
  4 dart slugs
  33 orcs
  6 ball pythons
  4 bats
  6 endoplasms
  5 giant cockroaches
  5 goblins
  4 hobgoblins
  2 jackals (D:2)
  5 quokkas
  3 frilled lizards
  9 kobolds
  12 rats
181 creatures vanquished.

Notes
Turn   | Place    | Note
-------+----------+-------------------------------------------
     0 | D:1      | qw the Gargoyle Hunter began the quest for the Orb.
     0 | D:1      | Reached XP level 1. HP: 12/12 MP: 1/1
     0 | D:1      | 0 ||| qw: Version: 0.2-a-29-g511e9b1
     0 | D:1      | 0 ||| qw: Game counter: 5190
     0 | D:1      | 0 ||| qw: Always use a shield: true
     0 | D:1      | 0 ||| qw: God list: Okawaru
     0 | D:1      | 0 ||| qw: Allow faded altars: false
     0 | D:1      | 0 ||| qw: Do Orc after D:15 true
     0 | D:1      | 0 ||| qw: Do second Lair branch before Depths: true
     0 | D:1      | 0 ||| qw: Lair rune preference: random
     0 | D:1      | 0 ||| qw: Plans: Normal, Zot:1-4, Slime:5, God:TSO, Crypt,
                  | Tomb, Abyss, Pan, Hells, Win
     0 | D:1      | 0 ||| PLANNING D:1-11
    64 | D:1      | Reached XP level 2. HP: 17/17 MP: 2/2
   276 | D:1      | Reached XP level 3. HP: 21/21 MP: 3/3
   458 | D:1      | Reached skill level 5 in Ranged Weapons
   483 | D:1      | 483 ||| UPGRADING to +4 ring of slaying {mikee}.
   484 | D:1      | 484 ||| READING scroll labelled BEOV YHUCATOCS.
   485 | D:1      | 485 ||| READING scroll labelled BYLO JAFU ROITZ.
   486 | D:1      | 486 ||| READING 2 scrolls labelled UQECVO KIXOL.
   487 | D:1      | 487 ||| READING scroll labelled YMANESEEGU.
   488 | D:1      | 488 ||| DRINKING 2 lumpy silvery potions.
   489 | D:1      | 489 ||| DROPPING scroll of butterflies.
   490 | D:1      | 490 ||| DROPPING scroll of noise.
   736 | D:2      | Reached skill level 3 in Fighting
  1072 | D:2      | Reached XP level 4. HP: 28/28 MP: 4/4
  1122 | D:2      | 1122 ||| READING scroll labelled RIELOD YQEUNU.
  1123 | D:2      | 1123 ||| READING scroll labelled JUUTIEMAIB.
  1124 | D:2      | 1124 ||| READING scroll labelled XAUREN MIDGHU.
  1128 | D:2      | 1128 ||| READING scroll labelled NEGAPOYMNEINY.
  1142 | D:3      | 1142 ||| STAIRDANCE
  1309 | D:3      | Found Sinac's Magic Scroll Boutique.
  1312 | D:3      | 1312 ||| SHOPLISTING scroll of enchant weapon (105 gold,
                  | have 82).
  1312 | D:3      | 1312 ||| BUYING scroll of identify (28 gold).
  1312 | D:3      | Bought a scroll of identify for 28 gold pieces
  1312 | D:3      | 1312 ||| BUYING scroll of identify (28 gold).
  1312 | D:3      | Bought a scroll of identify for 28 gold pieces
  1312 | D:3      | 1312 ||| SHOPLISTING scroll of teleportation (42 gold, have
                  | 26).
  1409 | D:3      | Reached XP level 5. HP: 32/32 MP: 5/5
  1591 | D:3      | 1591 ||| UPGRADING to +0 pair of gloves.
  1596 | D:3      | 1596 ||| UPGRADING to +0 ring mail.
  1606 | D:3      | 1606 ||| DROPPING +0 leather armour.
  1607 | D:3      | 1607 ||| READING scroll labelled CEIRGHEY PAUGG.
  1608 | D:3      | 1608 ||| READING scroll labelled TUXKOCHERA.
  1609 | D:3      | 1609 ||| READING 3 scrolls of identify.
  1609 | D:3      | 1609 ||| IDENTIFYING green potion
  1610 | D:3      | 1610 ||| READING 2 scrolls of identify.
  1610 | D:3      | 1610 ||| IDENTIFYING fuming sapphire potion
  1622 | D:4      | Found a staircase to the Ecumenical Temple.
  1623 | D:4      | 1623 ||| PLANNING TEMPLE
  1623 | D:4      | 1623 ||| STAIRDANCE
  1627 | D:4      | 1627 ||| STAIRDANCE
  1631 | D:4      | 1631 ||| STAIRDANCE
  1654 | Temple   | Entered the Ecumenical Temple
  1655 | Temple   | 1655 ||| PLANNING OKAWARU WORSHIP
  2109 | Temple   | Became a worshipper of Warmaster Okawaru
  2110 | Temple   | 2110 ||| PLANNING D:1-11
  2145 | D:4      | Reached skill level 1 in Armour
  2215 | D:4      | Found a blossoming altar of Fedhas.
  2219 | D:4      | Reached skill level 6 in Ranged Weapons
  2223 | D:4      | Found a stormy altar of Qazlal.
  2344 | D:4      | HP: 8/32 [orc wizard/magic dart (5)]
  2349 | D:4      | HP: 6/33 [orc/+0 dagger (3)]
  2355 | D:4      | Reached XP level 6. HP: 6/38 MP: 6/6
  2931 | D:4      | 2931 ||| DRINKING 2 white potions.
  2931 | D:4      | Gained mutation: You passively map a small area around you.
                  | [potion of mutation]
  2931 | D:4      | Gained mutation: Your spells are a little easier to cast,
                  | but a little less powerful. [potion of mutation]
  2931 | D:4      | Gained mutation: Your magical capacity is low. (-10% MP)
                  | [potion of mutation]
  2940 | D:5      | Entered Level 5 of the Dungeon
  2940 | D:5      | Noticed Blork the orc
  2942 | D:5      | 2942 ||| STAIRDANCE
  2965 | D:5      | 2965 ||| STAIRDANCE
  2974 | D:4      | Killed Blork the orc
  3035 | D:5      | 3035 ||| STAIRDANCE
  3037 | D:4      | Reached * piety under Okawaru
  3038 | D:4      | Reached skill level 7 in Ranged Weapons
  3038 | D:4      | 3038 ||| INVOKING Heroism.
  3048 | D:4      | Reached XP level 7. HP: 22/43 MP: 3/6
  3130 | D:5      | Reached skill level 1 in Invocations
  3150 | D:5      | Noticed Prince Ribbit
  3151 | D:5      | 3151 ||| INVOKING Heroism.
  3161 | D:5      | Killed Prince Ribbit
  3162 | D:5      | Reached skill level 8 in Ranged Weapons
  3162 | D:5      | Reached skill level 3 in Invocations
  3167 | D:5      | 3167 ||| FLEEEEING.
  3168 | D:5      | 3168 ||| FLEEEEING.
  3171 | D:5      | Reached ** piety under Okawaru
  3180 | D:5      | Reached XP level 8. HP: 48/48 MP: 7/9
  3298 | D:5      | 3298 ||| INVOKING Heroism.
  3360 | D:5      | Noticed Menkaure
  3361 | D:5      | 3361 ||| INVOKING Heroism.
  3369 | D:5      | Killed Menkaure
  3424 | D:5      | 3424 ||| FLEEEEING.
  3425 | D:5      | 3425 ||| FLEEEEING.
  3426 | D:5      | 3426 ||| FLEEEEING.
  3427 | D:5      | 3427 ||| FLEEEEING.
  3428 | D:5      | 3428 ||| FLEEEEING.
  3429 | D:5      | 3429 ||| FLEEEEING.
  3430 | D:5      | 3430 ||| FLEEEEING.
  3432 | D:5      | 3432 ||| FLEEEEING.
  3433 | D:5      | 3433 ||| FLEEEEING.
  3434 | D:5      | 3434 ||| FLEEEEING.
  3435 | D:5      | 3435 ||| FLEEEEING.
  3436 | D:5      | 3436 ||| STAIRDANCE
  3458 | D:4      | 3458 ||| DRINKING 2 fizzy emerald potions.
  3459 | D:4      | 3459 ||| DROPPING potion of enlightenment.
  3468 | D:5      | 3468 ||| STAIRDANCE
  3490 | D:4      | 3490 ||| READING scroll labelled VATYFR DUOZU.
  3558 | D:5      | Found an ornate altar of the Wu Jian Council.
  3613 | D:5      | 3613 ||| INVOKING Heroism.
  3620 | D:5      | Reached skill level 9 in Ranged Weapons
  3745 | D:5      | 3745 ||| READING 2 scrolls of identify.
  3745 | D:5      | 3745 ||| IDENTIFYING metallic ruby potion
  3775 | D:6      | Reached skill level 6 in Fighting
  3784 | D:6      | Reached XP level 9. HP: 55/55 MP: 10/10
  3839 | D:6      | Noticed Pikel
  3839 | D:6      | 3839 ||| INVOKING Heroism.
  3851 | D:6      | Killed Pikel
  3851 | D:6      | Reached *** piety under Okawaru
  3852 | D:6      | Reached skill level 10 in Ranged Weapons
  3942 | D:6      | 3942 ||| INVOKING Heroism.
  3962 | D:6      | 3962 ||| INVOKING Heroism.
  4015 | D:6      | 4015 ||| READING scroll of enchant armour.
  4015 | D:6      | 4015 ||| ENCHANTING +0 pair of gloves.
  4137 | D:6      | 4137 ||| INVOKING Heroism.
  4193 | D:6      | 4193 ||| DROPPING +0 sling.
  4194 | D:6      | 4194 ||| UPGRADING to +0 orcbow.
  4195 | D:6      | 4195 ||| DROPPING +0 shortbow of draining.
  4201 | D:6      | 4201 ||| INVOKING Heroism.
  4328 | D:6      | 4328 ||| DROPPING +6 ring of intelligence.
  4329 | D:6      | 4329 ||| DRINKING 2 fizzy clear potions.
  4330 | D:6      | 4330 ||| READING 3 scrolls of identify.
  4330 | D:6      | 4330 ||| IDENTIFYING metallic inky potion
  4331 | D:6      | 4331 ||| READING 2 scrolls of identify.
  4331 | D:6      | 4331 ||| IDENTIFYING purple potion
  4360 | D:7      | Found a transporter.
  4360 | D:7      | Found a transporter.
  4360 | D:7      | Noticed a hornet
  4361 | D:7      | Noticed a queen bee
  4361 | D:7      | Noticed qw's ghost (novice NaHu)
  4460 | D:7      | 4460 ||| INVOKING Heroism.
  4505 | D:7      | 4505 ||| READING scroll of brand weapon.
  4505 | D:7      | 4505 ||| BRANDING +0 orcbow.
  4537 | D:7      | 4537 ||| INVOKING Heroism.
  4607 | D:7      | 4607 ||| INVOKING Heroism.
  4613 | D:7      | Reached skill level 11 in Ranged Weapons
  4644 | D:7      | 4644 ||| INVOKING Heroism.
  5047 | D:7      | 5047 ||| UPGRADING to +2 pair of gloves.
  5057 | D:7      | 5057 ||| DROPPING +1 pair of gloves.
  5098 | D:8      | Reached skill level 3 in Dodging
  5398 | D:8      | Reached skill level 3 in Armour
  5456 | D:8      | 5456 ||| INVOKING Heroism.
  5458 | D:8      | Reached XP level 10. HP: 43/64 MP: 8/11
  5863 | D:8      | 5863 ||| READING 2 scrolls labelled QONEOD JAICH.
  5864 | D:8      | 5864 ||| READING scroll of enchant weapon.
  5864 | D:8      | 5864 ||| ENCHANTING +0 heavy orcbow.
  5877 | D:9      | Reached **** piety under Okawaru
  5878 | D:9      | 5878 ||| INVOKING Heroism.
  6142 | D:9      | Found Ovawah's Distillery.
  6147 | D:9      | 6147 ||| BUYING potion of attraction (45 gold).
  6147 | D:9      | Bought a potion of attraction for 45 gold pieces
  6147 | D:9      | 6147 ||| BUYING potion of curing (45 gold).
  6147 | D:9      | Bought a potion of curing for 45 gold pieces
  6147 | D:9      | 6147 ||| BUYING potion of curing (45 gold).
  6147 | D:9      | Bought a potion of curing for 45 gold pieces
  6147 | D:9      | 6147 ||| BUYING potion of curing (45 gold).
  6147 | D:9      | Bought a potion of curing for 45 gold pieces
  6147 | D:9      | 6147 ||| BUYING potion of curing (45 gold).
  6147 | D:9      | Bought a potion of curing for 45 gold pieces
  6147 | D:9      | 6147 ||| BUYING potion of might (60 gold).
  6147 | D:9      | Bought a potion of might for 60 gold pieces
  6147 | D:9      | 6147 ||| BUYING potion of resistance (150 gold).
  6147 | D:9      | Bought a potion of resistance for 150 gold pieces
  6147 | D:9      | 6147 ||| SHOPLISTING potion of resistance (150 gold, have
                  | 10).
  6271 | D:9      | 6271 ||| INVOKING Heroism.
  6274 | D:9      | 6274 ||| Stepping ~*~*~tactically~*~*~ (cloud).
  6277 | D:9      | Reached skill level 12 in Ranged Weapons
  6327 | D:9      | 6327 ||| INVOKING Heroism.
  6393 | D:9      | You fall into a shaft and drop 3 floors!
  6447 | D:12     | 6447 ||| INVOKING Heroism.
  6448 | D:12     | 6448 ||| READING scroll of teleportation.
  6450 | D:12     | HP: 7/64 [very large slime creature (51)]
  6451 | D:12     | 6451 ||| DRINKING potion of heal wounds.
  6451 | D:12     | Mangled by a very large slime creature

Levels and vault maps discovered:
D:1:      dpeg_arrival_orchard, layout_basic, minmay_misc_feat_alley
D:2:      layout_loops_ring, minmay_misc_feat_rows
D:3:      layout_rooms, serial_shops, nicolae_shop_behind_doors
D:4:      layout_loops_ring, grunt_temple_overflow_forces_of_nature,
          minmay_temple_entry_mist, serial_rivers,
          chequers_serial_rivers_micro_c, chequers_serial_rivers_micro_e,
          chequers_serial_rivers_small_3, chequers_serial_rivers_small_3,
          chequers_serial_rivers_marsh, dk_rats_in_the_wall
D:5:      layout_rooms, mainiacjoe_overflow_alcove_1, uniq_blork_the_orc,
          uniq_menkaure, uniq_prince_ribbit1
D:6:      layout_rooms, uniq_pikel
D:7:      layout_basic, gammafunk_ghost_hive, kennysheep_cross_room,
          hangedman_decor_slide_cut
D:8:      nicolae_cairo_tiling_large, layout_loops_ring
D:9:      layout_irregular_city, serial_shops, nicolae_shop_hallway_plus
D:12:     layout_irregular_city, hangedman_stone_soup,
          hellmonk_guarded_unrand_zhor
Temple:   compressed_dpeg_triangle_lava_temple

Skill      XL: |  1  2  3  4  5  6  7  8  9 10 |
---------------+-------------------------------+-----
Ranged Weapons | 5 6 7 8 9 11 12 | 12.1
Fighting       | 3 4 6 8 |  8.1
Armour         | 1 2 3 |  3.0
Invocations    | 3 4 |  4.1
Dodging        | 2 3 |  3.1
Stealth        | |  1.1

Action                     |  1- 3 |  4- 6 |  7- 9 | 10-12 || total
---------------------------+-------+-------+-------+-------++-------
   Fire: Shortbow          |   121 |   119 |   183 |       ||   423
         Orcbow            |       |       |    53 |    57 ||   110
 Invoke: Heroism           |       |     1 |    14 |     4 ||    19
    Use: Scroll            |     4 |     8 |     6 |     3 ||    21
         Potion            |     1 |     1 |     2 |     1 ||     5
 Armour: Leather armour    |    14 |    19 |       |       ||    33
         Ring mail         |       |    26 |    32 |     7 ||    65
  Dodge: Dodged            |    25 |    76 |    52 |    14 ||   167

Table legend:
 A = Non-vault XP
 B = Vault XP
 C = Vault XP percentage of total XP
 D = Non-vault monster count
 E = Vault monster count
 F = Vault count percentage of total count
                 A         B        C        D         E       F
            +---------+---------+-------+---------+---------+-------
      Total |    5063 |    1158 |  18.6 |     176 |       4 |   2.2
            +---------+---------+-------+---------+---------+-------
        D:1 |      39 |       0 |   0.0 |      24 |       0 |   0.0
        D:2 |      83 |       0 |   0.0 |      19 |       0 |   0.0
        D:3 |      60 |       0 |   0.0 |      18 |       0 |   0.0
        D:4 |     475 |      96 |  16.8 |      24 |       1 |   4.0
        D:5 |    1001 |     433 |  30.2 |      25 |       2 |   7.4
        D:6 |     804 |     629 |  43.9 |      20 |       1 |   4.8
        D:7 |     485 |       0 |   0.0 |      10 |       0 |   0.0
        D:8 |    1206 |       0 |   0.0 |      18 |       0 |   0.0
        D:9 |     910 |       0 |   0.0 |      18 |       0 |   0.0
            +---------+---------+-------+---------+---------+-------
